 Dungeon Crawl Stone Soup version 0.17-a0-1378-g281efdd (webtiles) character file.

69 Steifyn the Skirmisher (level 4, -2/41 HPs)
             Began as a Minotaur Wanderer on June 14, 2015.
             Was a Believer of Lugonu.
             Slain by an orc
             ... wielding a +0 hand axe
              (4 damage)
             ... on level 3 of the Dungeon.
             The game lasted 00:06:49 (773 turns).

Steifyn the Skirmisher (Minotaur Wanderer)           Turns: 773, Time: 00:06:50

Health: -2/41      AC:  8    Str: 18    XL:     4   Next: 2%
Magic:  3/3        EV:  9    Int:  8    God:    Lugonu [**....]
Gold:   81         SH:  5    Dex: 16    Spells: 0 memorised, 3 levels left

rFire  + . .     SeeInvis .     a - +2 hand crossbow
rCold  . . .     Clarity  .     h - +2 scale mail {MR+}
rNeg   . . .     SustAt   .     d - +0 buckler
rPois  .         Gourm    .     (helmet restricted)
rElec  .         Spirit   .     (no cloak)
rCorr  .         Warding  .     (no gloves)
rMut   .         Stasis   .     (no boots)
MR     +....                    (no amulet)
Stlth  ..........               i - +6 ring of dexterity
                                k - ring of protection from fire

@: somewhat resistant to hostile enchantments, extremely unstealthy
A: retaliatory headbutt, horns 2
a: Depart the Abyss, Bend Space, Renounce Religion


You were on level 3 of the Dungeon.
You worshipped Lugonu.
Lugonu was pleased with you.
You were not hungry.

You visited 1 branch of the dungeon, and saw 3 of its levels.

You collected 81 gold pieces.

Inventory:

Hand weapons
 a - a +2 hand crossbow (weapon)
Missiles
 b - 38 bolts (quivered)
Armour
 d - a +0 buckler (worn)
 h - a +2 scale mail of magic resistance (worn)
Jewellery
 i - a +6 ring of dexterity (right hand)
 k - a ring of protection from fire (left hand)
Scrolls
 c - a scroll of remove curse
Comestibles
 f - 2 bread rations
 g - a beef jerky
 j - 2 slices of pizza
 l - a fruit


   Skills:
 + Level 4.7 Fighting
   Level 2.1 Bows
 * Level 2.6 Crossbows
 * Level 2.1 Armour
 + Level 3.4 Shields


You had 3 spell levels left.
You didn't know any spells.

Dungeon Overview and Level Annotations

Branches:
Dungeon (3/15)

Altars:
Lugonu

Annotations:
D:3 Sigmund


Innate Abilities, Weirdness & Mutations

You reflexively headbutt those who attack you in melee.
You have a pair of horns on your head.


Message History

You kill the rat!
Lugonu accepts your kill.
Firing (i - inventory):
b - 41 bolts (quivered)
Press: ? - help, Shift-Dir - straight line, f - orc
Aim: an orc, wielding a hand axe You shoot a bolt.
The bolt barely misses the orc.
The rat bites you but does no damage. The orc hits you but does no damage.
Firing (i - inventory):
b - 40 bolts (quivered)
Press: ? - help, Shift-Dir - straight line, f/p - orc
Aim: an orc, wielding a hand axe You shoot a bolt.
The bolt closely misses the orc.
The rat bites you.
* * * LOW HITPOINT WARNING * * *
The orc barely misses you. The rat bites you but does no damage.
Firing (i - inventory):
b - 39 bolts (quivered)
Press: ? - help, Shift-Dir - straight line, f/p - orc
Aim: an orc, wielding a hand axe You shoot a bolt.
The bolt hits the orc.
The orc is severely wounded.
The orc hits you with a hand axe.
You die...

##......#....#
#.............
#(...>........
#.............
#...........
#.....(...
#...o.r#
#....@.#
###(#### #


You could see an orc and a rat.

Vanquished Creatures
  Natasha (D:2)
  2 adders (D:3)
  2 giant geckos (D:3)
  3 hobgoblins
  3 jackals (D:3)
  A kobold (D:3)
  A quokka (D:3)
  A ball python (D:3)
  3 bats
  A giant newt (D:3)
  3 goblins
  5 rats
26 creatures vanquished.

Notes
Turn   | Place    | Note
--------------------------------------------------------------
     0 | D:1      | Steifyn the Minotaur Wanderer began the quest for the Orb.
     0 | D:1      | Steifyn set off with: a +2 hand crossbow, 24 bolts, a +0 hand axe, a +0 buckler, a +0 robe, a bread ration
     0 | D:1      | Reached XP level 1. HP: 19/19 MP: 0/0
   222 | D:2      | Noticed Natasha
   224 | D:2      | Noticed a crimson imp
   226 | D:2      | Noticed a crimson imp
   227 | D:2      | Killed Natasha
   227 | D:2      | Reached skill level 4 in Fighting
   227 | D:2      | Reached XP level 2. HP: 19/28 MP: 1/1
   401 | D:2      | Reached XP level 3. HP: 34/34 MP: 2/2
   420 | D:3      | Found a faded altar to an unknown god.
   435 | D:3      | Became a worshipper of Lugonu the Unformed
   435 | D:3      | Acquired Lugonu's first power
   435 | D:3      | Acquired Lugonu's second power
   734 | D:3      | Noticed Sigmund
   769 | D:3      | Reached XP level 4. HP: 4/41 MP: 3/3
   772 | D:3      | HP: 2/41 [rat (3)]
   773 | D:3      | Slain by an orc

Vault maps used:
D:1:      tarquinn_simple_flora_water_b, hangedman_glass_teeth,
          nrook_mini_vaults, hangedman_decor_opposing, minivault_14
D:2:      yredelemnul_altar_generic, uniq_natasha
D:3:      kennysheep_six_static_rooms, ecumenical_altar_1, first_bread,
          st_stairs_6, uniq_sigmund, uniq_jessica

Action                   |  1- 3 |  4- 6 || total
-------------------------+-------+-------++-------
Melee: Hand crossbow     |     3 |       ||     3
 Fire: Hand crossbow     |    58 |     4 ||    62
  Use: Scroll            |     5 |       ||     5
